 Dungeon Crawl Stone Soup version 0.20.1-1-g8b1a95d (webtiles) character file.

940 Starchild the Transmogrifier (level 7, -11/52 HPs)
             Began as a White Draconian Transmuter on July 26, 2017.
             Was a Follower of Qazlal.
             Mangled by Menkaure (19 damage)
             ... on level 4 of the Dungeon.
             The game lasted 00:16:51 (4871 turns).

Starchild the Transmogrifier (DrTm)                 Turns: 4871, Time: 00:16:52

Health: -11/52     AC:  2    Str: 13    XL:     7   Next: 88%
Magic:  5/10       EV: 19    Int: 15    God:    Qazlal [*.....]
Gold:   154        SH:  1    Dex: 16    Spells: 0/10 levels left

rFire    . . .     SeeInvis .     - Unarmed
rCold    . . .     Gourm    .   (shield currently unavailable)
rNeg     . . .     Faith    .   (armour unavailable)
rPois    x         Spirit   .   (helmet currently unavailable)
rElec    .         Reflect  .   (cloak currently unavailable)
rCorr    +         Harm     .   (gloves currently unavailable)
MR       .....                  (boots currently unavailable)
Stlth    +.........             (no amulet)
Regen    0.2/turn               e - ring of resist corrosion
MPRegen  0.2/turn               (no ring)

@: spider-form (expiring)
A: (breathe frost), unfitting armour, AC +6
a: End Transformation, Renounce Religion


You were on level 4 of the Dungeon.
You worshipped Qazlal.
Qazlal was aware of your devotion.
You were hungry.
You were a venomous arachnid creature.
You visited 1 branch of the dungeon, and saw 4 of its levels.

You collected 154 gold pieces.

Inventory:

Missiles
 a - 15 arrows
 l - 66 stones
 y - 4 tomahawks (quivered)
Armour
 x - a scarf of resistance (melded)
Jewellery
 e - a ring of resist corrosion (left front leg)
Scrolls
 d - 2 scrolls of fog {unknown}
 f - 2 scrolls of fear {unknown}
 g - a scroll of remove curse {unknown}
 i - a scroll of recharging {unknown}
 k - a scroll of immolation {unknown}
 m - 3 scrolls of identify
 r - 2 scrolls of noise {unknown}
 s - a scroll of enchant armour {unknown}
 t - 2 scrolls of magic mapping {unknown}
 w - 2 scrolls of random uselessness {unknown}
 z - a scroll of blinking {unknown}
Potions
 j - a potion of invisibility {unknown}
 n - a potion of magic {unknown}
 p - a potion of cancellation {unknown}
 q - a potion of brilliance {unknown}
 u - a potion of lignification {unknown}
 v - a potion of flight {unknown}
 A - 2 potions of mutation {unknown}
 C - a potion of agility {unknown}
Books
 b - a book of Changes

   Spells                             Type                      Level
   a - Beastly Appendage              Transmutation                1
   b - Sticks to Snakes               Transmutation                2
   c - Spider Form                    Transmutation/Poison         3
   d - Ice Form                       Ice/Transmutation            4
   e - Blade Hands                    Transmutation                5
Comestibles
 c - a bread ration
 h - a royal jelly
 o - a meat ration


   Skills:
 - Level 1.1 Fighting
 - Level 1.7 Dodging
 - Level 3.0 Unarmed Combat
 - Level 2.0 Spellcasting
 + Level 9.3 Transmutations


You couldn't memorise any spells.
You knew the following spells:

 Your Spells              Type           Power        Failure   Level  Hunger
a - Beastly Appendage     Tmut           ####..       3%          1    #......
b - Sticks to Snakes      Tmut           ####....     4%          2    ###....
c - Spider Form           Tmut/Pois      ###.......   24%         3    ###....
d - Ice Form              Ice/Tmut       ###.....     54%         4    #####..


Dungeon Overview and Level Annotations

Branches:
Dungeon (4/15)
 Temple: D:4-7

Altars:
Gozag
Nemelex Xobeh
Qazlal
Sif Muna

Shops:
D:4 [

Annotations:
D:4 Menkaure


Innate Abilities, Weirdness & Mutations

((You can breathe waves of freezing cold.))
((You can buffet flying creatures when you breathe cold.))
((Your icy white scales are hard. (AC +6)))
You cannot fit into any form of body armour.
((Your flesh is cold resistant. (rC+)))
((You are cold-blooded and may be slowed by cold attacks.))


Message History

Your adder closely misses the orc.
The orc warrior hits you with a dire flail!
* * * LOW HITPOINT WARNING * * *
You hit the orc warrior but do no damage.
The orc warrior looks even sicker.
The orc warrior is moderately wounded.
Your adder barely misses the orc.
The orc hits your adder.
You hit the orc warrior but do no damage.
The orc warrior is moderately wounded.
Your adder barely misses the orc.
The orc warrior hits you with a dire flail!
* * * LOW HITPOINT WARNING * * *
The orc closely misses your adder.
Your adder closely misses the orc.
Your adder bites the orc.
The orc closely misses your adder. The orc hits your adder.
Your adder dies!
Your transformation is almost over.
Menkaure hits you!!
You die...

#......###.#######.#
#####.## #.# #.# #.#
#.# #o# ##.####.### #.#
#.........# #.#
#.#######.## #o# # #<#
#...####.##.#
###.######....M.o....#
##..............s..####
.....###############
######


You could see an orc warrior, Menkaure and an orc.

Vanquished Creatures
  Grinder (D:3)
  Sigmund (D:3)
  2 phantoms
  Blork the orc (D:4)
  A hound (D:3)
  4 worker ants (D:4)
  A gnoll (D:1)
  4 adders
  2 oozes (D:4)
  4 worms
  2 dart slugs
  4 leopard geckos
  10 orcs
  7 bats
  9 giant cockroaches
  6 goblins
  4 hobgoblins
  3 jackals (D:3)
  3 quokkas
  4 frilled lizards
  12 kobolds
  A leopard gecko skeleton (D:4)
  4 rats
90 creatures vanquished.

Vanquished Creatures (collateral kills)
  An ogre (D:4)
  An iguana (D:4)
2 creatures vanquished.

Grand Total: 92 creatures vanquished

Notes
Turn   | Place    | Note
-------+----------+-------------------------------------------
     0 | D:1      | Starchild the Draconian Transmuter began the quest for the Orb.
     0 | D:1      | Reached XP level 1. HP: 16/16 MP: 3/3
   454 | D:1      | Reached XP level 2. HP: 23/23 MP: 3/5
   458 | D:1      | Learned a level 2 spell: Sticks to Snakes
   496 | D:1      | Reached skill level 3 in Transmutations
   984 | D:2      | Reached XP level 3. HP: 27/28 MP: 4/6
  1063 | D:2      | Learned a level 3 spell: Spider Form
  1170 | D:2      | Found a sparkling altar of Nemelex Xobeh.
  1207 | D:2      | Reached skill level 4 in Transmutations
  1858 | D:3      | Noticed an air elemental
  1879 | D:3      | Reached XP level 4. HP: 22/35 MP: 5/7
  1995 | D:3      | Found a stormy altar of Qazlal.
  2004 | D:3      | Noticed a fire elemental
  2005 | D:3      | Noticed a water elemental
  2005 | D:3      | Noticed an earth elemental
  2153 | D:3      | Noticed a phantom
  2208 | D:3      | Killed a phantom
  2208 | D:3      | Reached skill level 5 in Transmutations
  2208 | D:3      | Reached XP level 5. HP: 6/40 MP: 2/8
  2593 | D:3      | Noticed Grinder
  2615 | D:3      | Killed Grinder
  2615 | D:3      | Reached skill level 6 in Transmutations
  2615 | D:3      | Reached XP level 6. HP: 8/47 MP: 6/9
  2886 | D:3      | Reached skill level 7 in Transmutations
  2898 | D:3      | Became a worshipper of Qazlal Stormbringer
  2956 | D:3      | Noticed Sigmund
  2969 | D:3      | Killed Sigmund
  2969 | D:3      | Your scales start taking on an icy white colour.
  2969 | D:3      | Reached XP level 7. HP: 14/52 MP: 7/10
  2969 | D:3      | Gained mutation: Your flesh is cold resistant. (rC+) [White Draconian growth]
  3415 | D:3      | Reached skill level 8 in Transmutations
  4083 | D:4      | Learned a level 4 spell: Ice Form
  4396 | D:4      | Found an opulent altar of Gozag.
  4429 | D:4      | Noticed Blork the orc
  4443 | D:4      | Killed Blork the orc
  4443 | D:4      | Reached * piety under Qazlal
  4443 | D:4      | Reached skill level 9 in Transmutations
  4651 | D:4      | Found a deep blue altar of Sif Muna.
  4782 | D:4      | Found Seoha's Armour Boutique.
  4808 | D:4      | Noticed Menkaure
  4871 | D:4      | Mangled by Menkaure

Skill      XL: |  1  2  3  4  5  6  7 |
---------------+----------------------+-----
Transmutations | 3 4 5 6 7 9 |  9.3
Fighting       | |  1.1
Dodging        | |  1.7
Unarmed Combat | |  3.0
Spellcasting   | |  2.0

Action                   |  1- 3 |  4- 6 |  7- 9 || total
-------------------------+-------+-------+-------++-------
Melee: Unarmed           |   149 |   116 |   134 ||   399
       Tailslap          |    15 |    11 |    10 ||    36
       Headbutt          |    12 |     1 |     4 ||    17
       Kick              |     3 |     7 |    16 ||    26
       Punch             |     1 |     1 |     4 ||     6
Throw: Stone             |       |     2 |       ||     2
 Cast: Beastly Appendage |    18 |    13 |    14 ||    45
       Sticks to Snakes  |       |     4 |     7 ||    11
       Spider Form       |       |     4 |     3 ||     7
 Abil: Breathe Frost     |       |       |    13 ||    13
       End Transformatio |       |       |     1 ||     1
  Use: Scroll            |       |     1 |       ||     1
 Stab: Sleeping          |     1 |     1 |     1 ||     3
  Eat: Chunk             |     3 |     5 |     9 ||    17
Armor: Skin              |    46 |    22 |    29 ||    97
Dodge: Dodged            |    87 |   108 |    79 ||   274
Block: Other             |       |       |     2 ||     2
